 Dungeon Sprint DCSS version 0.28-a0-828-g0121872642 (webtiles) character file.

Game seed: 4119147258807204009

191848 mhtbhm the Minotaur Barricade (level 16, -16/183 HPs)
             Began as a Minotaur Fighter on Nov 10, 2021.
             Was the Champion of Makhleb.
             Killed from afar by an ancient lich (58 damage)
             ... with a crystal spear
             ... while petrified by an ancient lich
             ... in the Dungeon (Sprint IX: "|||||||||||||||||||||||||||||") on Nov 11, 2021.
             The game lasted 00:17:15 (8499 turns).

mhtbhm the Minotaur Barricade (Minotaur Fighter)    Turns: 8499, Time: 00:17:16

Health: -16/183    AC: 29    Str: 27    XL:     16   Next: 47%
Magic:  31/31      EV:  2    Int:  5    God:    Makhleb [******]
Gold:   78         SH:  0    Dex: 17    Spells: 15/15 levels left

rFire   + + .      SeeInvis .   m - +7 morningstar (vamp)
rCold   . . .      Faith    +   c - +1 tower shield
rNeg    + + +      Spirit   .   b - +3 plate armour {rF+}
rPois   ∞          Reflect  .   A - +2 hat
rElec   .          Harm     .   K - +0 cloak {rCorr}
rCorr   +          Rampage  .   I - +1 pair of gloves
Will    +....      NoTele   +   (no boots)
Stlth   ..........              B - amulet of faith
HPRegen 0.40/turn               N - +4 ring of evasion
MPRegen 0.22/turn               C - ring of Oqahysypis {rPois rF+ Dex+6}

@: petrified
A: horns 2, retaliatory headbutt
}: 4/17 runes: decaying, serpentine, barnacled, gossamer
a: Renounce Religion, Minor Destruction, Lesser Servant of Makhleb, Major
Destruction, Greater Servant of Makhleb


You were in the Dungeon.
You worshipped Makhleb.
Makhleb was exalted by your worship.
You visited 1 branch You collected 1953 gold pieces.
You spent 1875 gold pieces at shops.

Inventory:

Hand Weapons
 a - a +2 morningstar of protection
 m - a +7 vampiric morningstar (weapon)
 L - a +2 dagger of holy wrath
Missiles
 p - 3 throwing nets
 M - 2 silver javelins (quivered)
Armour
 b - a +3 plate armour of fire resistance (worn)
 c - a +1 tower shield (worn)
 A - a +2 hat (worn)
 I - a +1 pair of gloves (worn)
 K - a +0 cloak of preservation (worn)
Jewellery
 w - a +2 ring of slaying
 x - a ring of positive energy
 B - an amulet of faith (around neck)
 C - a ring of Oqahysypis (right hand) {rPois rF+ Dex+6}
   (You bought it in a shop in the Dungeon)

   [ring of dexterity]

   Dex:       It affects your dexterity (+6).
   rF:        It protects you from fire.
   rPois:     It protects you from poison.
 E - a ring of protection from fire
 F - a ring of willpower
 H - a ring of see invisible
 N - a +4 ring of evasion (left hand)
Wands
 y - a wand of iceblast (5)
Scrolls
 j - 5 scrolls of blinking
 l - 2 scrolls of amnesia
 v - 3 scrolls of enchant armour
 z - 3 scrolls of identify
 D - 5 scrolls of fear
Potions
 d - a potion of might
 e - 4 potions of curing
 f - 2 potions of heal wounds
 g - 2 potions of haste
 h - 4 potions of magic
 i - 3 potions of berserk rage
 k - a potion of invisibility
 q - 3 potions of brilliance
 r - 3 potions of mutation
 s - 4 potions of resistance
Miscellaneous
 t - a phantom mirror


   Skills:
 O Level 27 Fighting
 O Level 27 Maces & Flails
 + Level 1.9 Throwing
 + Level 21.3 Armour
 + Level 15.1 Dodging
 - Level 0.9 Stealth
 O Level 27 Shields
 + Level 5.0 Unarmed Combat
 * Level 24.8 Invocations
 + Level 3.8 Evocations


You had 15 spell levels left.
You didn't know any spells.
Your spell library was empty.

Dungeon Overview and Level Annotations

Branches:
Dungeon (1/1)

Altars:
Cheibriados
Dithmenos
Elyvilon
Fedhas
Gozag
Hepliaklqana
Kikubaaqudgha
Makhleb
Nemelex Xobeh
Okawaru
Qazlal
Ru
Sif Muna
Trog
Uskayaw
Vehumet
Wu Jian
Xom
Yredelemnul
Zin
The Shining One
Beogh
Jiyva
Lugonu

Shops:
D *:*=


Innate Abilities, Weirdness & Mutations

You have a pair of horns on your head.
You reflexively headbutt those who attack you in melee.


Message History

The deep elf annihilator casts a spell.
The deep elf annihilator blinks!
The ancient lich touches you but does no damage.
The ancient lich gestures wildly while chanting.
The ancient lich flickers and vanishes!
Deactivating autopickup; reactivate with Ctrl-A.
Something touches you.
The deep elf high priest mumbles some strange prayers to its god against you.
Something smites you!
The deep elf annihilator mumbles some strange words.
The deep elf annihilator blinks!
Something touches you but does no damage.
The stone giant throws a large rock.
The deep elf high priest says, "All sinners must die."
The deep elf high priest calls down the wrath of its god upon you.
Something smites you!
Something touches you but does no damage.
Something touches you but does no damage.
You hear some strange, mumbled words.
A bolt of acid appears from out of thin air!
The bolt of acid hits you! You resist.
The stone giant throws a large rock.
The large rock hits you but does no damage.
You hear some strange, mumbled words.
A crystal spear appears from out of thin air!
The crystal spear hits you!
* * * LOW HITPOINT WARNING * * *
The deep elf annihilator casts a spell.
The deep elf annihilator blinks!
Something touches you but does no damage.
You hear some strange, mumbled words.
A crystal spear appears from out of thin air!
The crystal spear hits you!!
* * * LOW HITPOINT WARNING * * *
The stone giant throws a large rock.
Something touches you but does no damage.
You hear some strange, mumbled words.
A crystal spear appears from out of thin air!
The crystal spear hits you!!!!
You die...

▓▓▓▓▓▓▓▓▓▓▓▓▓▓▓▓▓▓▓▓▓▓▓▓
eφDeDC{@.)=....(..))))))
▓▓▓▓▓▓▓▓▓▓▓▓▓▓▓▓▓▓▓▓▓▓▓▓▓▓▓▓▓▓▓
▓..............................
▓.▓▓▓▓▓▓▓▓▓▓▓▓▓▓▓▓▓▓▓▓▓▓▓▓▓▓▓▓▓
▓....'...........))))))))))))))
▓▓▓▓▓▓▓▓▓▓▓▓▓▓▓▓▓▓▓▓▓▓▓▓▓▓▓▓▓▓▓
▓......................).......
▓.▓▓▓▓▓▓▓▓▓▓▓▓▓▓▓▓▓▓▓▓▓▓▓▓▓▓▓▓▓
▓..........'...................


You could see 2 shadow dragons, a stone giant, a deep elf annihilator
(empowered) and a deep elf high priest (brilliance aura).

Vanquished Creatures
  Sojobo (D)
  Jory (D)
  Kirke (D)
  Gastronok (D)
  3 shadow dragons (D)
  4 tengu reavers (D)
  2 nagarajas (D)
  3 vault wardens (D)
  8 emperor scorpions (D)
  2 frost giants (D)
  A ghost moth (D)
  4 ironbound preservers (D)
  2 stone giants (D)
  A vampire knight (D)
  A very ugly thing (D)
  2 entropy weavers (D)
  Nessos (D)
  Azrael (D)
  A deep elf annihilator (D)
  2 dire elephants (D)
  A bunyip (D)
  3 merfolk javelineers (D)
  2 deep elf death magi (D)
  2 ettins (D)
  3 fire dragons (D)
  8 merfolk impalers (D)
  3 great orbs of eyes (D)
  24 vault guards (D)
  5 naga warriors (D)
  3 yaktaur captains (D)
  An ice dragon (D)
  Harold (D)
  2 ironbound thunderhulks (D)
  3 centaur warriors (D)
  A merfolk avatar (D)
  2 spriggan air magi (D)
  2 ogre magi (D)
  6 hydras (D)
  2 ironbound frosthearts (D)
  A boulder beetle (D)
  6 two-headed ogres (D)
  2 deep troll shamans (D)
  An alligator (D)
  2 deep troll earth magi (D)
  A tengu warrior (D)
  2 shock serpents (D)
  2 spriggan berserkers (D)
  Nergalle (D)
  A skeletal warrior (D)
  8 swamp dragons (D)
  2 wizards (D)
  A goliath frog (D)
  3 ironbound convokers (D)
  A harpy (D)
  3 phantasmal warriors (D)
  A deep elf pyromancer (D)
  An orc knight (D)
  3 will-o-the-wisps (D)
  3 wolf spiders (D)
  An ugly thing (D)
  2 cyclopes (D)
  3 guardian serpents (D)
  A manticore (D)
  An elephant (D)
  A water nymph (D)
  3 naga magi (D)
  5 black mambas (D)
  2 vault sentinels (D)
  Joseph (D)
  6 cane toads (D)
  2 yaktaurs (D)
  An unseen horror (D)
  4 komodo dragons (D)
  An efreet (D)
  A tengu conjurer (D)
  2 demonic crawlers (D)
  A guardian mummy (D)
  A polar bear (D)
  3 jumping spiders (D)
  2 tyrant leeches (D)
  3 merfolk (D)
  A spriggan (D)
  4 redbacks (D)
  2 water elementals (D)
  A wyvern (shapeshifter) (D)
  2 hogs (D)
  A spriggan (shapeshifter) (D)
  2 wyverns (D)
  2 fire elementals (D)
  A basilisk (D)
  A vampire mosquito (D)
  2 nagas (D)
  An acid dragon (D)
  4 water moccasins (D)
  4 hell hounds (D)
  12 orc warriors (D)
  3 swamp drakes (D)
  A wolf (D)
  5 ogres (D)
  3 centaurs (D)
  4 bullfrogs (D)
  A wight (D)
  An orc priest (D)
  An iguana (D)
  A hell rat (D)
  4 orc wizards (D)
  An adder skeleton (D)
  8 orcs (D)
  A ball python (D)
  An endoplasm (D)
  A hobgoblin (D)
  A quokka (D)
  A ball python zombie (D)
  A bat (D)
  A goblin (D)
  A quokka skeleton (D)
289 creatures vanquished.

Vanquished Creatures (collateral kills)
  A vampire knight (D)
  A vault guard (D)
  A deep troll shaman (D)
  A glowing orange brain (D)
4 creatures vanquished.

Vanquished Creatures (others)
  Ilsuiw (D)
  An orc wizard (D)
  A bat simulacrum (D)
  3 foxfires (D)
6 creatures vanquished.

Grand Total: 299 creatures vanquished

Notes
Turn   | Place    | Note
-------+----------+-------------------------------------------
     0 | D        | mhtbhm the Minotaur Fighter began the quest for the Orb.
     0 | D        | Reached XP level 1. HP: 19/19 MP: 0/0
    68 | D        | Noticed an iguana
    77 | D        | Killed an iguana
    78 | D        | Reached skill level 5 in Fighting
    78 | D        | Reached skill level 5 in Armour
    78 | D        | Reached skill level 5 in Shields
    78 | D        | Reached XP level 2. HP: 18/29 MP: 1/1
    78 | D        | Reached XP level 3. HP: 23/36 MP: 2/2
    93 | D        | Found a snail-covered altar of Cheibriados.
    93 | D        | Found a shadowy altar of Dithmenos.
    93 | D        | Found a white marble altar of Elyvilon.
    93 | D        | Found a blossoming altar of Fedhas.
    93 | D        | Found an opulent altar of Gozag.
    94 | D        | Found a hazy altar of Hepliaklqana.
    95 | D        | Found a viscous altar of Jiyva.
    96 | D        | Found an ancient bone altar of Kikubaaqudgha.
    97 | D        | Found a corrupted altar of Lugonu.
    98 | D        | Found a burning altar of Makhleb.
    99 | D        | Found a sparkling altar of Nemelex Xobeh.
   100 | D        | Found an iron altar of Okawaru.
   101 | D        | Found a stormy altar of Qazlal.
   102 | D        | Found a sacrificial altar of Ru.
   103 | D        | Found a shimmering blue altar of Sif Muna.
   104 | D        | Found a bloodstained altar of Trog.
   105 | D        | Found a hide-covered altar of Uskayaw.
   106 | D        | Found a radiant altar of Vehumet.
   107 | D        | Found an ornate altar of the Wu Jian Council.
   108 | D        | Found a shimmering altar of Xom.
   109 | D        | Found a basalt altar of Yredelemnul.
   116 | D        | Became a worshipper of Makhleb the Destroyer
   121 | D        | Found a glowing silver altar of Zin.
   122 | D        | Found a glowing golden altar of the Shining One.
   201 | D        | Noticed an orc warrior
   201 | D        | Noticed a wyvern
   201 | D        | Noticed a centaur
   207 | D        | Reached skill level 1 in Dodging
   207 | D        | Killed a centaur
   208 | D        | Reached skill level 5 in Maces & Flails
   208 | D        | Reached XP level 4. HP: 41/48 MP: 3/3
   208 | D        | Reached XP level 5. HP: 45/53 MP: 4/4
   209 | D        | Killed an unseen horror
   209 | D        | Reached * piety under Makhleb
   210 | D        | Reached XP level 6. HP: 44/66 MP: 5/5
   210 | D        | Killed a wyvern
   211 | D        | Reached skill level 10 in Fighting
   211 | D        | Reached XP level 7. HP: 49/72 MP: 6/6
   220 | D        | Reached skill level 10 in Armour
   430 | D        | Noticed a centaur warrior
   430 | D        | Noticed a cyclops
   430 | D        | Noticed a komodo dragon
   436 | D        | Reached ** piety under Makhleb
   437 | D        | Reached skill level 1 in Invocations
   437 | D        | Reached skill level 1 in Evocations
   441 | D        | Reached skill level 10 in Shields
   445 | D        | Killed a komodo dragon
   446 | D        | Reached XP level 8. HP: 68/82 MP: 6/9
   452 | D        | Killed a cyclops
   453 | D        | Reached skill level 10 in Maces & Flails
   467 | D        | Killed a centaur warrior
   467 | D        | Reached *** piety under Makhleb
   468 | D        | Reached skill level 5 in Invocations
   468 | D        | Reached XP level 9. HP: 26/91 MP: 9/12
   471 | D        | Reached skill level 5 in Dodging
   754 | D        | Noticed Harold
   768 | D        | Killed Harold
   907 | D        | Noticed a komodo dragon
   907 | D        | Noticed a cane toad
   907 | D        | Noticed a cane toad
   907 | D        | Noticed a polar bear
   911 | D        | Killed a polar bear
   911 | D        | Noticed an elephant
   916 | D        | Killed a cane toad
   916 | D        | Reached **** piety under Makhleb
   922 | D        | Killed a cane toad
   924 | D        | Noticed a cane toad
   930 | D        | Killed a komodo dragon
   935 | D        | Reached ***** piety under Makhleb
   936 | D        | Reached XP level 10. HP: 41/102 MP: 13/15
   938 | D        | Killed an elephant
   942 | D        | Killed a cane toad
  1130 | D        | Noticed a five-headed hydra
  1135 | D        | Reached skill level 15 in Maces & Flails
  1387 | D        | Killed a five-headed hydra
  1387 | D        | Reached ****** piety under Makhleb
  1583 | D        | Noticed a cane toad
  1583 | D        | Noticed a cane toad
  1584 | D        | Noticed a cane toad
  1590 | D        | Reached skill level 15 in Fighting
  1602 | D        | Killed a cane toad
  1606 | D        | Killed a cane toad
  1609 | D        | Killed a cane toad
  1610 | D        | Reached skill level 10 in Invocations
  1620 | D        | Reached XP level 11. HP: 113/113 MP: 17/17
  1693 | D        | Noticed Joseph
  1703 | D        | Killed Joseph
  1807 | D        | Noticed Gastronok
  1820 | D        | Killed Gastronok
  1821 | D        | Reached skill level 15 in Armour
  1923 | D        | Noticed an orc knight
  1931 | D        | Killed an orc knight
  2244 | D        | Found Zifreur's Jewellery Boutique.
  2244 | D        | Noticed a two-headed ogre
  2244 | D        | Noticed an ogre mage
  2244 | D        | Noticed a two-headed ogre
  2244 | D        | Noticed a two-headed ogre
  2246 | D        | Killed a two-headed ogre
  2251 | D        | Found Qotterum's General Store.
  2254 | D        | Noticed an ogre mage
  2259 | D        | Noticed a two-headed ogre
  2260 | D        | Killed an ogre mage
  2262 | D        | Killed a two-headed ogre
  2267 | D        | Killed a two-headed ogre
  2273 | D        | Killed an ogre mage
  2275 | D        | Found Zuteant's Book Boutique.
  2279 | D        | Killed a two-headed ogre
  2571 | D        | Found Jausaexe's General Store.
  2577 | D        | Noticed a two-headed ogre
  2578 | D        | Noticed a two-headed ogre
  2582 | D        | Killed a two-headed ogre
  2588 | D        | Killed a two-headed ogre
  2589 | D        | Reached XP level 12. HP: 106/127 MP: 20/20
  2609 | D        | Bought an amulet of faith for 560 gold pieces
  2609 | D        | Bought a ring of Oqahysypis {rPois rF+ Dex+6} for 1073 gold
                  | pieces
  2623 | D        | Bought a scroll of summoning for 133 gold pieces
  2627 | D        | Bought a potion of curing for 33 gold pieces
  2627 | D        | Bought a scroll of fear for 38 gold pieces
  2627 | D        | Bought a scroll of fear for 38 gold pieces
  2901 | D        | Noticed a centaur warrior
  2901 | D        | Noticed a boulder beetle
  2909 | D        | Noticed a fire dragon
  2911 | D        | Killed a centaur warrior
  2911 | D        | Noticed a stone giant
  2915 | D        | Noticed a deep troll earth mage
  2920 | D        | Killed a boulder beetle
  2927 | D        | Noticed a deep troll shaman
  2939 | D        | Noticed a frost giant
  2943 | D        | Noticed a great orb of eyes
  2947 | D        | Noticed a fire dragon
  2951 | D        | Killed a fire dragon
  2955 | D        | Noticed a deep troll shaman
  2962 | D        | Killed a stone giant
  2965 | D        | HP: 3/130 [deep troll earth mage (14)]
  3406 | D        | Killed a deep troll earth mage
  3414 | D        | Killed a deep troll shaman
  3500 | D        | Killed a frost giant
  3531 | D        | Killed a great orb of eyes
  3547 | D        | Killed a fire dragon
  3554 | D        | Killed a deep troll shaman
  3764 | D        | Noticed Azrael
  3791 | D        | Killed Azrael
  3792 | D        | Reached skill level 15 in Shields
  3983 | D        | Noticed Kirke
  4018 | D        | Killed Kirke
  4019 | D        | Reached skill level 1 in Unarmed Combat
  4273 | D        | Noticed an entropy weaver
  4275 | D        | Reached XP level 13. HP: 139/139 MP: 22/22
  4287 | D        | Reached skill level 10 in Dodging
  4304 | D        | Killed an entropy weaver
  4579 | D        | Reached skill level 5 in Unarmed Combat
  4583 | D        | Reached skill level 15 in Invocations
  4651 | D        | Noticed a bunyip
  4680 | D        | Killed a bunyip
  4846 | D        | Noticed an ettin
  4846 | D        | Noticed an ettin
  4862 | D        | Killed an ettin
  4899 | D        | Noticed a vampire knight
  4900 | D        | Killed an ettin
  4915 | D        | Killed a vampire knight
  4934 | D        | Reached XP level 14. HP: 85/154 MP: 25/25
  4952 | D        | Noticed a frost giant
  4959 | D        | Noticed a stone giant
  4966 | D        | Killed a frost giant
  4979 | D        | Killed a stone giant
  5039 | D        | Paralysed by a great orb of eyes for 7 turns
  5393 | D        | Noticed a vault warden
  5394 | D        | Noticed an ironbound preserver
  5942 | D        | Killed a vault warden
  6007 | D        | Killed an ironbound preserver
  6216 | D        | Noticed an ironbound preserver
  6218 | D        | Noticed an ironbound preserver
  6233 | D        | Killed an ironbound preserver
  6241 | D        | Killed an ironbound preserver
  6268 | D        | Noticed a vampire knight
  6280 | D        | Killed a vampire knight
  6585 | D        | Noticed a tengu reaver
  6586 | D        | Noticed Nessos
  6587 | D        | Noticed Sojobo
  6589 | D        | Noticed a tengu reaver
  6603 | D        | Killed a tengu reaver
  6616 | D        | Killed Sojobo
  6631 | D        | Killed a tengu reaver
  6646 | D        | Killed Nessos
  6967 | D        | Noticed Jory
  6987 | D        | Killed Jory
  7161 | D        | Noticed Nergalle
  7170 | D        | Killed Nergalle
  7171 | D        | Reached XP level 15. HP: 160/166 MP: 27/27
  7278 | D        | Got a decaying rune of Zot
  7503 | D        | Killed a ghost moth
  7531 | D        | Reached skill level 15 in Dodging
  7586 | D        | Got a gossamer rune of Zot
  7658 | D        | Noticed Ilsuiw
  7683 | D        | Killed Ilsuiw
  7762 | D        | Got a barnacled rune of Zot
  7923 | D        | Noticed a nagaraja
  7924 | D        | Noticed a nagaraja
  7938 | D        | Killed a nagaraja
  7949 | D        | Killed a nagaraja
  8023 | D        | Got a serpentine rune of Zot
  8122 | D        | Reached skill level 1 in Throwing
  8122 | D        | Reached skill level 27 in Shields
  8188 | D        | Reached XP level 16. HP: 181/181 MP: 29/29
  8263 | D        | Reached skill level 27 in Fighting
  8263 | D        | Reached skill level 27 in Maces & Flails
  8303 | D        | Found the +3 Elemental Staff {rElec rF++ rC++ AC+5}
  8303 | D        | Noticed a tengu reaver
  8310 | D        | Killed a tengu reaver
  8319 | D        | Noticed a tengu reaver
  8325 | D        | Noticed a shadow dragon
  8341 | D        | Noticed a shadow dragon
  8357 | D        | Killed a tengu reaver
  8368 | D        | Killed a shadow dragon
  8385 | D        | Killed a shadow dragon
  8453 | D        | Found the +10 morningstar "Eos" {elec, Halo rElec}
  8453 | D        | Noticed a shadow dragon
  8453 | D        | Noticed a shadow dragon
  8462 | D        | Noticed an ancient lich
  8467 | D        | Noticed a shadow dragon
  8478 | D        | Killed a shadow dragon
  8499 | D        | Killed from afar by an ancient lich

Illustrated notes

Levels and vault maps discovered:
D:        linesprint [early_d, line_temple, items_1, d_10, items_2, lair_1,
          lair_end, items_3, orc_1, orc_end, items_4, d_15, swamp_1, shoals_1,
          snake_1, spider_1, d_20, vaults_1, items_5, swamp_end, shoals_end,
          snake_end, spider_end, vaults_end, d_27, items_6, zot_1, zot_end,
          crypt_end, forest_end, elf_end, slime_end, tomb_end, abyss_end,
          pan_hell_end]

Skill      XL: |  1  2  3  4  5  6  7  8  9 10 11 12 13 14 15 16 |
---------------+-------------------------------------------------+-----
Armour         | 5 7 9 10 11 13 14 15 16 18 21 | 21.3
Fighting       | 5 7 9 10 11 12 13 15 18 20 22 23 26 27 | 27.0
Shields        | 5 7 8 9 10 11 12 13 15 19 22 27 | 27.0
Maces & Flails | 3 5 7 8 9 11 14 16 19 20 22 24 26 27 | 27.0
Dodging        | 2 3 4 5 6 7 9 12 14 15 | 15.1
Invocations    | 3 5 8 10 12 14 16 19 21 24 | 24.8
Evocations     | 1 2 3 |  3.8
Unarmed Combat | 2 5 |  5.0
Throwing       | 1 |  1.9
Stealth        | |  0.9

Action                   |  1- 3 |  4- 6 |  7- 9 | 10-12 | 13-15 | 16-18 || total
-------------------------+-------+-------+-------+-------+-------+-------++-------
Melee: Flail             |    31 |       |       |       |       |       ||    31
       Headbutt          |     2 |     1 |    21 |   104 |   255 |    61 ||   444
       Morningstar       |     3 |     2 |    79 |   338 |   873 |   182 ||  1477
       Unarmed           |       |       |       |    28 |       |       ||    28
Throw: Throwing net      |       |       |       |     1 |     1 |       ||     2
       Javelin           |       |       |       |       |     2 |       ||     2
Invok: Lesser Servant of |       |       |       |     1 |       |       ||     1
       Greater Servant o |       |       |       |     1 |     3 |       ||     4
Evoke: Wand              |     2 |       |     1 |     3 |     4 |       ||    10
       Phantom mirror    |       |       |       |     1 |       |       ||     1
  Use: Potion            |     1 |       |     3 |     2 |     4 |     1 ||    11
       Scroll            |       |       |       |     4 |     7 |       ||    11
Armor: Scale mail        |    14 |       |       |       |       |       ||    14
       Chain mail        |     6 |     3 |    36 |    12 |       |       ||    57
       Leather armour    |       |       |       |    10 |       |       ||    10
       Ring mail         |       |       |       |    48 |    98 |       ||   146
       Plate armour      |       |       |       |       |    86 |    32 ||   118
Dodge: Dodged            |     9 |       |    35 |   121 |   290 |    42 ||   497
Block: Buckler           |     7 |       |    23 |    38 |       |       ||    68
       Tower shield      |       |       |       |   105 |   835 |   114 ||  1054

Table legend: (Time is in decaauts)
 A = Elapsed time spent in this place.
 B = Non-inter-level travel time spent in this place.
 C = Inter-level travel time spent in this place.
 D = Time resting spent in this place.
 E = Time spent auto-exploring this place.
 F = Levels seen in this place.
 G = Mean time per level.
                   A        B        C        D        E       F      G
               +--------+--------+--------+--------+--------+-----+--------+
         Total |   8169 |   8169 |      0 |   3710 |   1591 |   1 | 8169.0 |
       Dungeon |   8169 |   8169 |      0 |   3710 |   1591 |   1 | 8169.0 |
               +--------+--------+--------+--------+--------+-----+--------+

Top non-repeatable levels by time:
       D: 8169 daAuts
